Map: Rosanegro LE

Players

IagoAbreu

  • Race: Zerg Zerg
  • League: Gold
  • Spawn Location: 1:00

PatoAmarelo - Winner!

  • Race: Terran Terran
  • League: Gold
  • Spawn Location: 7:00

VOD

Have the link to the VOD?

Description

Time

  • Played on: May 1, 2018, 10:33 a.m.
  • Length: 7:42
Show
View Real Time Build Order
Export as new Build Order

IagoAbreu Zerg 

Build Orders: Pool First, Zergling Baneling 

Get SALT Encoding   

  12  0:03  Drone  
  13  0:09  Drone  
  14  0:31  Spawning Pool  
  14  0:33  Drone  
  14  0:40  Overlord  
  14  1:04  Hatchery  
  14  1:07  Drone  
  14  1:17  Drone x2  
  16  1:20  Zergling x2  
  17  1:33  Zergling x2  
  18  1:45  Zergling x2  
  19  1:53  Extractor  
  18  1:57  Extractor  
  17  2:05  Queen  
  17  2:07  Zergling x4  
  21  2:16  Queen  
  21  2:19  Drone x2  
  25  2:38  Zergling x2  
  25  2:39  Zergling x4  
  25  2:41  Overlord  
  28  2:50  Metabolic Boost  
  28  3:00  Drone x2  
  30  3:06  Zergling x4  
  30  3:23  Zergling x12  
  30  3:24  Zergling x2  
  34  3:31  Evolution Chamber  
  30  3:39  Baneling Nest  
  29  3:50  Drone  
  29  3:51  Drone x2  
  33  3:55  Drone  
  33  4:00  Drone  
  34  4:04  Drone  
  35  4:13  Zerg Melee Weapons Level 1  
  35  4:24  Baneling  
  35  4:25  Baneling x2  
  35  4:27  Baneling x4  
  35  4:28  Baneling x3  
  35  4:30  Zergling x2  
  36  4:37  Overlord  
  35  4:52  Zergling x2  
  29  5:08  Zergling x12  
  34  5:31  Zergling x2  
  34  5:32  Zergling x6  
  38  5:37  Hatchery  
  37  5:43  Overlord x3  
  30  6:05  Drone x3  
  30  6:06  Drone x4  
  37  6:18  Lair  
  37  6:46  Zergling x2  
  37  6:47  Zergling x12  
  40  6:48  Zergling x6  
  40  6:49  Zergling x2  
  48  6:55  Queen  
  48  7:00  Baneling x4  
  48  7:01  Baneling  
  50  7:02  Baneling  
  50  7:04  Baneling x2  
  50  7:22  Zergling x10  
  55  7:23  Zergling x6  
Show
View Real Time Build Order
Export as new Build Order

PatoAmarelo Terran - Winner!

Build Orders: MMM Bio 

Get SALT Encoding   

  12  0:01  SCV  
  13  0:13  SCV  
  14  0:17  Supply Depot  
  14  0:25  Refinery  
  14  0:28  SCV  
  15  0:41  SCV  
  16  0:46  Barracks  
  16  0:53  SCV  
  17  1:06  SCV  
  18  1:18  SCV  
  19  1:33  Orbital Command  
  19  1:35  Barracks Reactor  
  19  1:48  Command Center  
  18  1:59  Supply Depot  
  18  2:11  Marine x2  
  18  2:15  SCV  
  21  2:22  Factory  
  21  2:29  Marine  
  21  2:30  Marine  
  21  2:32  SCV  
  24  2:44  SCV  
  24  2:49  Marine x2  
  27  2:59  SCV  
  27  3:03  Supply Depot  
  28  3:06  Orbital Command  
  28  3:10  Marine x2  
  27  3:27  Marine  
  27  3:28  Marine  
  29  3:35  SCV x2  
  31  3:48  Starport  
  31  3:52  Barracks, Refinery  
  31  3:54  Marine x2  
  31  3:55  Barracks  
  33  3:59  Factory Tech Lab  
  33  4:00  SCV  
  33  4:01  SCV  
  35  4:08  Supply Depot  
  35  4:13  SCV x2  
  35  4:16  Marine x2  
  39  4:22  Siege Tank  
  42  4:25  SCV x2  
  44  4:31  Refinery  
  44  4:32  Starport Reactor  
  44  4:37  SCV x2  
  46  4:40  Viking  
  46  4:41  Barracks Tech Lab  
  46  4:42  Barracks Tech Lab  
  48  4:59  Marine x2  
  41  5:05  Marine x2  
  34  5:08  SCV x2  
  36  5:20  SCV  
  37  5:25  Marine x4  
  37  5:27  Stimpack, Combat Shields  
  42  5:28  SCV  
  42  5:32  SCV  
  43  5:37  Supply Depot  
  43  5:41  SCV  
  44  5:44  SCV  
  39  6:07  SCV x2, Supply Depot  
  39  6:10  Marine x3  
  44  6:11  Marine  
  44  6:14  Starport Reactor  
  45  6:19  SCV x2  
  47  6:31  SCV  
  47  6:32  SCV  
  49  6:33  Supply Depot  
  49  6:35  Marine  
  49  6:36  Marine  
  51  6:45  Engineering Bay  
  51  6:54  Marauder x2  
  55  7:03  SCV x2  
  55  7:06  Barracks  
  55  7:08  Marine x2, Barracks  
  57  7:15  SCV x2  
Tags
 
Add a new tag
Caveats
  • Supply blocks, unpowered buildings, or Contaminate may cause inaccurate times.
  • Supply counts are checked every 10 seconds.